 Dungeon Crawl Stone Soup version 0.21-a0-437-ge5bf024 (webtiles) character file.

227526 forescape the Peltast (level 18, -10/160 HPs)
             Began as a Hill Orc Fighter on Nov 7, 2017.
             Was the Champion of Beogh (penitent).
             Killed from afar by a Brimstone Fiend (32 damage)
             ... with damnation
             ... summoned by a deep elf demonologist
             ... on level 3 of the Elven Halls on Nov 9, 2017.
             The game lasted 10:12:18 (61020 turns).

forescape the Peltast (Hill Orc Fighter)           Turns: 61020, Time: 10:12:19

Health: -10/160    AC: 44    Str: 19 (20) XL:     18   Next: 92%
Magic:  26/26      EV: 10    Int: 14 (15) God:    Beogh [*]
Gold:   476        SH: 15    Dex: 15      Spells: 17/17 levels left

rFire    . . .     SeeInvis .   a - +3 demon trident (drain)
rCold    + . .     Gourm    .   g - +1 shield {rN+}
rNeg     + + .     Faith    .   Z - +8 plate armour of Pathos {-Tele rElec rN+ Int+4}
rPois    .         Spirit   .   U - +2 helmet {Int+3}
rElec    +         Reflect  .   w - +2 cloak
rCorr    .         Harm     .   X - +2 pair of gloves
MR       +....     NoTele   +   h - +2 pair of boots
Stlth    ..........             Q - amulet of magic regeneration
HPRegen  0.36/turn              t - +5 ring of protection
MPRegen  0.45/turn              P - ring of protection from cold

@: no status effects
A: deterioration 1, weak 1, sturdy frame 1
}: 2/15 runes: barnacled, gossamer
a: Renounce Religion


You were on level 3 of the Elven Halls.
You worshipped Beogh.
Beogh was demanding penance.
You were not hungry.

You visited 6 branches of the dungeon, and saw 33 of its levels.

You collected 3154 gold pieces.
You spent 2678 gold pieces at shops.

Inventory:

Hand Weapons
 a - a +3 demon trident of draining (weapon)
 j - a +2 halberd of venom
 m - a +3 demon trident of protection
 o - a +5 glaive of freezing
 r - a +7 trident of venom
 s - a +2 dire flail of holy wrath
 u - a +0 vampiric trident
 x - a +4 rapier of electrocution
 C - a +7 dire flail of crushing
 D - a +7 antimagic short sword
 H - a +4 flail of venom
 K - the +6 whip "Orc's Death" {flame, Str+7 Int+5}
   (You bought it in a shop on level 8 of the Dungeon)

   It has been specially enchanted to burn those struck by it, causing extra
   injury to most foes and up to half again as much damage against particularly
   susceptible opponents.
   It affects your strength (+7).
   It affects your intelligence (+5).
Missiles
 v - 32 javelins of penetration (quivered)
Armour
 g - a +1 shield of positive energy (worn)
 h - a +2 pair of boots (worn)
 k - a +2 robe of magic resistance
 w - a +2 cloak (worn)
 E - a +1 leather armour of magic resistance
 U - a +2 helmet of intelligence (worn)
 X - a +2 pair of gloves (worn)
 Z - the +8 plate armour of Pathos (worn) {-Tele rElec rN+ Int+4}
   (You found it on level 2 of the Lair of Beasts)

   It affects your intelligence (+4).
   It insulates you from electricity.
   It protects you from negative energy.
   It prevents most forms of teleportation.
Magical Staves
 z - an uncursed staff of earth
 G - an uncursed staff of cold
Jewellery
 t - a +5 ring of protection (left hand)
 P - a ring of protection from cold (right hand)
 Q - an amulet of magic regeneration (around neck)
Wands
 b - a wand of iceblast (7/15)
 c - a wand of paralysis (11/24)
 p - a wand of acid (7/15)
 q - a wand of clouds (7/9)
Scrolls
 i - a scroll of fear
 l - 6 scrolls of remove curse
 y - a scroll of blinking
 B - a scroll of summoning
 F - 5 scrolls of identify
Potions
 d - 3 potions of might
 n - 4 potions of ambrosia
 A - 3 potions of agility
 S - 2 potions of curing
 T - 2 potions of resistance
Miscellaneous
 e - a lamp of fire (inert)
 J - a fan of gales
Comestibles
 f - 4 bread rations


   Skills:
 - Level 14.0 Fighting
 * Level 7.3(9.2) Short Blades
   Level 9.4(10.6) Long Blades
   Level 15.8(17.6) Axes
 + Level 3.5(9.7) Maces & Flails
 - Level 11.3(14.0) Polearms
   Level 0.5(3.3) Slings
 + Level 5.3(5.4) Throwing
 + Level 14.9 Armour
 + Level 4.2 Dodging
 - Level 5.2 Stealth
 + Level 16.4 Shields
 + Level 10.8 Invocations
 + Level 7.3 Evocations


You had 17 spell levels left.
You didn't know any spells.

Dungeon Overview and Level Annotations

Branches:
Dungeon (14/15)            Temple (0/1) D:4            Lair (6/6) D:9
 Shoals (4/4) Lair:2       Spider (4/4) Lair:2        Slime (0/5) Lair:5
    Orc (2/2) D:12            Elf (3/3) Orc:2
 Vaults: D:13-14

Altars:
Hepliaklqana
Makhleb
Qazlal
Xom
Zin
The Shining One
Beogh

Shops:
D:4 [   D:8 ?(:(%   D:9 (   D:11 :   D:14 %   Orc:2 [*[[   Shoals:1 ?
Shoals:3 *   Shoals:4 *

Annotations:
Lair:5 exclusion: 3 oklob plants


Innate Abilities, Weirdness & Mutations

Your body sometimes deteriorates upon taking damage.
You are weak. (Str -2)
Your movements are slightly less encumbered by armour. (ER -2)


Message History

You impale the deep elf blademaster!!
The deep elf blademaster is almost dead.
The orc knight hits you with a battleaxe!
* * * LOW HITPOINT WARNING * * *
The Brimstone Fiend hits you but does no damage.
You block the Brimstone Fiend's attack. The Brimstone Fiend closely misses you.
You block the deep elf blademaster's attack. x2
Brandogh hits the deep elf blademaster with a +1 glaive.
The deep elf blademaster barely misses Brandogh.
The deep elf blademaster hits Brandogh with a rapier!
The deep elf blademaster hits Brandogh with a rapier!!
The deep elf blademaster hits Brandogh with a rapier!
Your orc knight hits the deep elf blademaster from afar with a halberd!!
The deep elf blademaster dies!
Beogh accepts your kill.
Your orc knight looks more experienced.
Brandogh hits the Brimstone Fiend with a +1 glaive!!!
The Brimstone Fiend gestures at you.
The sphere of damnation explodes!
The damnation engulfs you!
You die...

#.))# ### ##§# #######
#.###### #§3# #.....##
##'#...###E## .......##
#.......4§#
........######....e..§##
........'.o..'..o.)...#
........######...o1..##
........# #o.@.o..#
...o....# ###...###
.......#'# #####
#..o..###.# '##'### #.#
.....## #. ...<..##
o......## ........#


You could see a deep elf blademaster, a Brimstone Fiend, an orc knight, a soul
eater, a rust devil, a fire elemental, a friendly orc knight, the friendly
Brandogh the orc knight and the friendly Orkrul the orc knight.

Vanquished Creatures
  2 deep elf sorcerers
  An orc warlord (Orc:2)
  A ghost moth (Spider:2)
  4 emperor scorpions
  2 deep elf elementalists (Elf:3)
  An entropy weaver (Spider:4)
  Nessos (Lair:4)
  A spark wasp (Spider:2)
  2 deep elf annihilators
  3 merfolk javelineers
  2 merfolk impalers (Shoals:4)
  A deep elf high priest (Elf:3)
  An ogre mage (Orc:2)
  An ice dragon (Lair:6)
  A hydra (Lair:4)
  Erica (D:9)
  A catoblepas (D:13)
  A merfolk avatar (Shoals:4)
  9 two-headed ogres
  8 dancing weapons
  11 death yaks
  A queen ant (Spider:4)
  An orc high priest (Elf:2)
  5 deep elf knights (Elf:1)
  3 sea snakes
  A kraken simulacrum (Shoals:4)
  10 harpies
  4 deep elf archers
  2 lindwurms (Lair:6)
  3 orc knights
  20 deep elf magi
  An orb spider (Spider:1)
  10 wolf spiders
  5 manticores
  3 fauns
  A cyclops (Orc:2)
  An orc sorcerer (Elf:2)
  5 elephants (Lair:5)
  3 moths of wrath
  4 merfolk sirens
  6 black mambas
  A guardian serpent (D:12)
  7 torpor snails
  5 water nymphs
  12 spiny frogs
  A gargoyle (D:13)
  An efreet (D:13)
  3 demonic crawlers
  A rime drake (Lair:6)
  6 komodo dragons
  3 trolls
  24 jumping spiders
  2 polar bears (Lair:6)
  A meliai (Spider:4)
  8 hornets
  Prince Ribbit (D:7)
  10 merfolk
  4 wind drakes
  Grinder (D:4)
  2 snapping turtles
  19 blink frogs
  3 tyrant leeches (Lair:6)
  10 hippogriffs
  10 dream sheep
  2 air elementals
  17 tarantellas
  3 water elementals
  2 shadows
  44 redbacks
  Sigmund (D:3)
  A wraith (Shoals:1)
  23 yaks
  4 wyverns
  A fire elemental (Elf:2)
  A hungry ghost (D:9)
  A steam dragon (D:11)
  3 vampire mosquitoes
  9 wargs (D:9)
  15 soldier ants (Spider:4)
  3 water moccasins
  5 porcupines
  5 orc warriors
  A black bear (D:10)
  A sky beast (D:9)
  4 ice beasts
  2 necrophages
  12 wolves
  2 eyes of draining
  2 phantoms
  11 ogres
  7 centaurs
  7 crocodiles
  2 big kobolds (D:8)
  9 bullfrogs
  A water moccasin zombie (D:10)
  4 earth elementals
  4 scorpions
  58 killer bees
  4 wights
  3 howler monkeys
  7 crimson imps
  A centaur zombie (D:10)
  2 hounds
  6 jellies
  8 orc wizards
  A gnoll shaman (D:5)
  A centaur skeleton (D:9)
  6 orc priests
  Natasha (twice) (D:3)
  An iguana (D:6)
  24 worker ants
  A hound zombie (D:11)
  A mummy (D:5)
  2 worker ant zombies
  10 gnolls
  11 adders
  2 shadow imps
  13 oozes
  2 adder zombies
  An adder skeleton (D:7)
  A worm (D:3)
  5 dart slugs
  5 leopard geckos
  36 orcs
  7 giant cockroaches
  7 goblins
  11 hobgoblins
  9 jackals
  A quokka (D:7)
  3 ball pythons
  12 bats
  8 frilled lizards
  A hobgoblin zombie (D:5)
  28 kobolds
  2 kobold zombies (D:5)
  A leopard gecko skeleton (D:7)
  A leopard gecko zombie (D:5)
  An orc zombie (D:5)
  8 rats
  3 fungi (Lair:6)
  54 plants
859 creatures vanquished.

Vanquished Creatures (collateral kills)
  Mara (Elf:3)
  Jorgrun (Shoals:3)
  2 deep elf blademasters
  Ilsuiw (Shoals:4)
  6 emperor scorpions
  2 entropy weavers
  2 deep elf annihilators (Elf:3)
  A deep elf death mage (Elf:1)
  3 merfolk javelineers (Shoals:4)
  The ghost of badtown the Slicer, a journeyman HaFi of Hepliaklqana (D:12)
  A minotaur (shapeshifter) (Elf:3)
  Josephine (Shoals:1)
  7 merfolk impalers (Shoals:4)
  A hydra (Lair:3)
  4 merfolk avatars
  An alligator snapping turtle (Shoals:1)
  23 dancing weapons
  3 merfolk aquamancers
  4 two-headed ogres
  2 orc high priests (Orc:2)
  7 deep elf knights
  Sonja (D:10)
  14 sea snakes
  6 deep elf archers
  An orc knight (D:9)
  6 harpies
  13 orb spiders
  26 deep elf magi
  13 wolf spiders
  2 fauns (Shoals:3)
  An orc sorcerer (Orc:2)
  4 cyclopes
  8 manticores
  A black mamba (Lair:2)
  2 merfolk sirens
  A centaur zombie (D:14)
  A gargoyle (D:11)
  Psyche (D:9)
  6 water nymphs
  A torpor snail (Spider:2)
  2 centaur skeletons (D:13)
  A rime drake (Lair:3)
  3 demonic crawlers
  16 merfolk
  2 meliai (Spider:4)
  A troll (D:12)
  A slime creature (D:13)
  19 jumping spiders
  3 hornets
  3 wind drakes (Shoals:4)
  3 dream sheep (Shoals:2)
  3 hippogriffs
  6 snapping turtles
  20 tarantellas
  4 water elementals
  4 air elementals
  A vampire (D:11)
  36 redbacks
  4 wraiths
  A wyvern (Lair:6)
  A fire elemental (Elf:1)
  8 yaks
  Grum (D:9)
  3 vampire mosquitoes
  6 wargs
  9 soldier ants
  3 water moccasins
  A porcupine (Lair:2)
  11 orc warriors
  2 sky beasts (D:13)
  8 wolves
  2 ogres
  An ice beast (D:10)
  2 centaurs (Lair:2)
  An ogre (shapeshifter) (Elf:3)
  3 crocodiles
  A big kobold (D:11)
  5 bullfrogs
  A wyvern zombie (D:10)
  A scorpion (D:11)
  7 wights
  2 howler monkeys
  2 crimson imps
  A hound (D:11)
  A quasit (D:9)
  10 orc priests
  A jelly (D:11)
  An orc wizard (Orc:1)
  9 worker ants
  A gnoll (D:11)
  2 adders
  An ooze (D:13)
  A leopard gecko (D:9)
  18 orcs
  2 kobolds (D:11)
  A quokka (D:12)
  A bush (Lair:1)
  7 fungi
  65 plants
518 creatures vanquished.

Vanquished Creatures (others)
  An orc warlord (Shoals:4)
  A dancing weapon (Elf:1)
  3 orc high priests
  A deep elf knight (Elf:2)
  16 orc warriors
  7 orc knights
  A deep elf mage (Elf:2)
  An orc sorcerer (D:9)
  A wolf spider (Spider:1)
  An orb spider (Spider:1)
  A redback (Spider:4)
  4 orc wizards
  9 orc priests
  An iguana (D:13)
  40 orcs
  11 fungi
  35 plants
  8 tentacles (Shoals:4)
  10 toadstools (D:3)
152 creatures vanquished.

Grand Total: 1529 creatures vanquished

Notes
Turn   | Place    | Note
-------+----------+-------------------------------------------
     0 | D:1      | forescape the Hill Orc Fighter began the quest for the Orb.
     0 | D:1      | Reached XP level 1. HP: 19/19 MP: 1/1
    37 | D:1      | Reached XP level 2. HP: 21/27 MP: 2/2
   302 | D:1      | Reached XP level 3. HP: 33/33 MP: 3/3
  1100 | D:2      | Found a hazy altar of Hepliaklqana.
  1104 | D:2      | Reached XP level 4. HP: 33/40 MP: 4/4
  1405 | D:3      | Noticed Sigmund
  1504 | D:3      | Killed Sigmund
  1504 | D:3      | Reached skill level 5 in Axes
  1504 | D:3      | Reached skill level 1 in Dodging
  1504 | D:3      | Reached skill level 1 in Stealth
  1504 | D:3      | Reached skill level 4 in Shields
  1504 | D:3      | Reached XP level 5. HP: 20/47 MP: 5/5
  1504 | D:3      | Reached XP level 6. HP: 22/53 MP: 6/6
  1893 | D:3      | Found a shimmering altar of Xom.
  2187 | D:3      | Noticed Natasha
  2215 | D:3      | Killed Natasha
  3001 | D:3      | Noticed Natasha
  3008 | D:3      | Killed Natasha
  3169 | D:3      | Reached XP level 7. HP: 25/60 MP: 7/7
  3558 | D:4      | Noticed Grinder
  3597 | D:4      | Killed Grinder
  3597 | D:4      | Reached skill level 1 in Polearms
  3799 | D:4      | Found a glowing silver altar of Zin.
  3940 | D:4      | Found Luluuhorgh's Antique Armour Boutique.
  3994 | D:4      | Found a staircase to the Ecumenical Temple.
  4282 | D:5      | Entered Level 5 of the Dungeon
  4435 | D:5      | Reached XP level 8. HP: 67/67 MP: 8/8
  5017 | D:6      | Reached skill level 5 in Fighting
  5017 | D:6      | Reached skill level 5 in Armour
  5202 | D:6      | Reached skill level 5 in Shields
  5226 | D:6      | Became a worshipper of Beogh the Brigand
  5414 | D:6      | Found a stormy altar of Qazlal.
  5843 | D:7      | Noticed a hippogriff
  5854 | D:7      | Killed a hippogriff
  5854 | D:7      | Reached XP level 9. HP: 58/74 MP: 9/9
  5978 | D:7      | Reached skill level 1 in Invocations
  6223 | D:7      | Reached * piety under Beogh
  6356 | D:7      | Found the +3 crown of Dyrovepreva {rElec Int+2 SInv}
  6611 | D:7      | Noticed Prince Ribbit
  6778 | D:7      | Killed Prince Ribbit
  7192 | D:8      | Reached skill level 6 in Shields
  7503 | D:8      | Reached ** piety under Beogh
  7512 | D:7      | Reached skill level 10 in Axes
  7943 | D:8      | Reached skill level 7 in Shields
  8057 | D:8      | Reached XP level 10. HP: 50/84 MP: 13/13
  8238 | D:8      | Noticed a two-headed ogre
  8268 | D:8      | Killed a two-headed ogre
  8268 | D:8      | Reached skill level 5 in Invocations
  8472 | D:8      | Found a glowing golden altar of the Shining One.
  8475 | D:8      | Found Iphidogum's Food Emporium.
  8497 | D:8      | Reached skill level 8 in Shields
  8572 | D:8      | Found Nokibe's Weapon Emporium.
  8590 | D:8      | Found Yshural's Book Shop.
  8957 | D:8      | Reached *** piety under Beogh
  8989 | D:8      | Reached skill level 9 in Shields
  9189 | D:8      | Found Koaqy's Magic Scroll Shop.
  9208 | D:8      | Bought a scroll of teleportation for 48 gold pieces
  9208 | D:8      | Bought a scroll of enchant weapon for 120 gold pieces
  9208 | D:8      | Bought a scroll of identify for 32 gold pieces
  9208 | D:8      | Bought a scroll of teleportation for 48 gold pieces
  9208 | D:8      | Bought 3 scrolls of identify for 96 gold pieces
  9208 | D:8      | Bought a scroll of identify for 32 gold pieces
  9212 | D:8      | Noticed a two-headed ogre
  9228 | D:8      | Killed a two-headed ogre
  9228 | D:8      | Reached XP level 11. HP: 60/92 MP: 14/16
  9396 | D:8      | Found Nilliret's Weapon Emporium.
  9486 | D:8      | Found a burning altar of Makhleb.
  9707 | D:9      | Noticed Psyche
  9711 | D:9      | Noticed Grum
  9716 | D:9      | Killed Psyche
  9726 | D:9      | Killed Grum
 10119 | D:9      | Found a staircase to the Lair.
 10214 | D:9      | Reached skill level 10 in Shields
 10446 | D:9      | Reached **** piety under Beogh
 10505 | D:9      | Noticed an orc knight
 10531 | D:9      | Noticed an orc sorcerer
 10534 | D:9      | Killed an orc knight
 10591 | D:9      | Noticed an orc knight
 10605 | D:9      | Killed an orc knight
 10863 | D:9      | Noticed Erica
 10888 | D:9      | Killed Erica
 11257 | D:9      | Found Binoidue's Weapon Shoppe.
 11885 | Lair:1   | Entered Level 1 of the Lair of Beasts
 12277 | Lair:1   | Reached skill level 1 in Evocations
 13021 | Lair:2   | Reached XP level 12. HP: 101/102 MP: 18/18
 13305 | Lair:2   | Found a staircase to the Shoals.
 13364 | Lair:2   | Found a hole to the Spider Nest.
 13507 | Lair:2   | Reached skill level 11 in Shields
 13958 | Lair:2   | Got a dazzling plate armour
 13973 | Lair:2   | Identified the +8 plate armour of Pathos {-Tele rElec rN+ Int+4} (You found it on level 2 of the Lair of Beasts)
 14195 | Lair:3   | Gained Borgun as an ally
 14301 | Lair:3   | Reached ***** piety under Beogh
 14448 | Lair:3   | Noticed an eight-headed hydra
 14463 | Lair:3   | Killed an eight-headed hydra
 14590 | Lair:3   | Reached skill level 1 in Long Blades
 14898 | Lair:3   | Got a crude arbalest
 14904 | Lair:3   | Identified the +7 arbalest of a treasure trove {penet, *Slow MR+ Dex+5 Stlth+} (You found it on level 3 of the Lair of Beasts)
 15125 | Lair:4   | Noticed Nessos
 15139 | Lair:4   | Your ally Borgun died
 15310 | Lair:4   | Killed Nessos
 15355 | Lair:3   | Gained mutation: You are weak. (Str -2) [potion of mutation]
 15355 | Lair:3   | Gained mutation: Your body sometimes deteriorates upon taking damage. [potion of mutation]
 15355 | Lair:3   | Gained mutation: Your movements are slightly less encumbered by armour. (ER -2) [potion of mutation]
 16022 | Lair:4   | Reached XP level 13. HP: 109/111 MP: 19/19
 16442 | Lair:4   | Reached skill level 12 in Shields
 16442 | Lair:4   | Reached skill level 5 in Evocations
 16711 | Lair:5   | Found a staircase to the Slime Pits.
 17528 | Lair:6   | Entered Level 6 of the Lair of Beasts
 17552 | Lair:6   | Reached skill level 15 in Axes
 17743 | Lair:5   | Reached skill level 10 in Fighting
 18594 | Lair:6   | Reached XP level 14. HP: 87/122 MP: 20/20
 18977 | Lair:6   | Found a runed door.
 19215 | Lair:6   | Reached skill level 13 in Shields
 20293 | Spider:1 | Entered Level 1 of the Spider Nest
 20369 | Lair:2   | Reached skill level 10 in Armour
 20478 | Spider:1 | Noticed an emperor scorpion
 20504 | Spider:1 | Reached skill level 5 in Long Blades
 21012 | Lair:2   | Killed an emperor scorpion
 21736 | Spider:1 | Gained Orkwin as an ally
 21736 | Spider:1 | Reached skill level 1 in Throwing
 21744 | Spider:1 | Your ally Orkwin died
 21785 | Spider:1 | Identified the Incunabulum of Unstable Ice
 21867 | Spider:1 | Reached ****** piety under Beogh
 22281 | Spider:2 | Your ally Orkwin died
 22288 | Spider:2 | Reached skill level 14 in Shields
 22775 | Spider:2 | Gained Gorm as an ally
 22856 | Spider:2 | Your ally Gorm died
 22898 | Spider:2 | Reached XP level 15. HP: 131/132 MP: 21/21
 23441 | Spider:2 | Noticed an emperor scorpion
 23457 | Spider:2 | Killed an emperor scorpion
 23457 | Spider:2 | Gained Warbeogh as an ally
 23755 | Spider:2 | Noticed a ghost moth
 23805 | Spider:2 | Killed a ghost moth
 24411 | Spider:2 | Gained Orkrul as an ally
 25293 | Spider:3 | Reached skill level 15 in Shields
 25730 | Spider:3 | Reached skill level 5 in Polearms
 26257 | Spider:3 | Noticed an emperor scorpion
 26272 | Spider:3 | Killed an emperor scorpion
 26274 | Spider:3 | Your ally Warbeogh died
 26432 | Spider:4 | Entered Level 4 of the Spider Nest
 26808 | Spider:4 | Noticed an emperor scorpion
 27027 | Spider:4 | Killed an emperor scorpion
 28146 | Spider:4 | Noticed an emperor scorpion
 28156 | Spider:4 | Killed an emperor scorpion
 28156 | Spider:4 | Reached skill level 10 in Invocations
 28156 | Spider:4 | Reached XP level 16. HP: 131/139 MP: 23/23
 28594 | Spider:4 | Reached skill level 5 in Stealth
 29117 | Spider:4 | Got a gossamer rune of Zot
 29410 | D:8      | Bought the +6 whip "Orc's Death" {flame, Str+7 Int+5} for 933 gold pieces
 29538 | Shoals:1 | Entered Level 1 of the Shoals
 29838 | Shoals:1 | Noticed Josephine
 29845 | Shoals:1 | Killed Josephine
 29985 | Shoals:1 | Found Xerikly's Magic Scroll Shoppe.
 30016 | Shoals:1 | Bought a scroll of remove curse for 48 gold pieces
 30016 | Shoals:1 | Bought a scroll of identify for 32 gold pieces
 30016 | Shoals:1 | Bought a scroll of identify for 32 gold pieces
 30016 | Shoals:1 | Bought a scroll of remove curse for 48 gold pieces
 30016 | Shoals:1 | Bought a scroll of remove curse for 48 gold pieces
 31538 | Shoals:2 | Reached skill level 5 in Throwing
 32616 | Shoals:3 | Found Ricajuts's General Store.
 32651 | Shoals:3 | Bought a scroll of identify for 26 gold pieces
 32824 | Shoals:3 | Noticed Jorgrun
 32851 | Shoals:3 | Killed Jorgrun
 34322 | Shoals:4 | Entered Level 4 of the Shoals
 34355 | Shoals:4 | Noticed Ilsuiw
 34380 | Shoals:4 | Killed Ilsuiw
 34380 | Shoals:4 | Reached XP level 17. HP: 87/150 MP: 24/24
 35134 | Shoals:3 | Reached skill level 16 in Shields
 36914 | Lair:2   | Identified a scroll of acquirement
 37126 | Shoals:4 | Found Ponietit's Assorted Antiques.
 37291 | Shoals:4 | Bought a scroll labeled HIOMIBUOFF for 27 gold pieces
 37291 | Shoals:4 | Bought 2 potions of curing for 162 gold pieces
 37616 | Shoals:4 | Reached skill level 1 in Short Blades
 37879 | Shoals:4 | Your ally Orkrul died
 38081 | Shoals:4 | Got a barnacled rune of Zot
 38642 | Shoals:4 | Got a fine longbow
 38713 | Lair:2   | Identified the +3 longbow "Puyd" {freeze, +Blink Stlth+} (You took it off a merfolk on level 4 of the Shoals)
 38794 | D:10     | Entered Level 10 of the Dungeon
 39213 | D:10     | Reached skill level 1 in Maces & Flails
 39301 | D:10     | Noticed Sonja
 39314 | D:10     | Killed Sonja
 39735 | D:11     | Gained Morbeogh as an ally
 39818 | D:11     | Your ally Morbeogh died
 40200 | D:11     | Found Rubikoap's Book Emporium.
 40463 | D:12     | Found a glowing golden altar of the Shining One.
 40681 | D:12     | Noticed badtown's ghost (journeyman HaFi)
 40704 | D:12     | Killed badtown's ghost
 41914 | D:12     | Found a staircase to the Orcish Mines.
 42041 | D:12     | Got a faintly glowing leather armour
 42147 | D:12     | Gained Olfik as an ally
 42464 | Lair:2   | Identified the +2 leather armour "Tecey" {Int+2 Dex+3 SInv Stlth+} (You found it on level 12 of the Dungeon)
 43744 | D:14     | Found Owujis's Food Shop.
 43847 | Orc:1    | Entered Level 1 of the Orcish Mines
 44323 | Orc:1    | Upgraded the game from 0.21-a0-426-g98080a9 to 0.21-a0-434-g806c6c2
 44367 | Orc:2    | Entered Level 2 of the Orcish Mines
 45069 | Orc:2    | Gained Brandogh as an ally
 45669 | Orc:2    | Found Xyrus's Armour Emporium.
 45961 | Orc:2    | Found Laumaher's Assorted Antiques.
 46199 | Orc:2    | Bought a glowing shield for 247 gold pieces
 46199 | Orc:2    | Bought a runed helmet for 247 gold pieces
 46255 | Orc:2    | Found a roughly hewn altar of Beogh.
 46617 | Orc:2    | Paralysed by an ogre mage for 7 turns
 47078 | Orc:2    | Found a roughly hewn altar of Beogh.
 47095 | Orc:2    | Reached skill level 10 in Polearms
 47111 | Orc:2    | Found Raer's Antique Armour Shoppe.
 47159 | Orc:2    | Bought a pair of glowing boots for 225 gold pieces
 47294 | Orc:2    | Found Celixtoi's Armour Emporium.
 47476 | Orc:2    | Found a staircase to the Elven Halls.
 49877 | Shoals:3 | Bought an uncursed ring of flight for 227 gold pieces
 52983 | Elf:1    | Entered Level 1 of the Elven Halls
 53071 | Elf:1    | Gained Warbeogh as an ally
 53481 | Elf:1    | You fall through a shaft!
 53490 | Elf:2    | Reached XP level 18. HP: 131/160 MP: 25/25
 53490 | Elf:2    | Your ally Olfik died
 53495 | Elf:2    | Your ally Warbeogh died
 53498 | Elf:2    | Noticed a deep elf blademaster
 53506 | Elf:2    | Killed a deep elf blademaster
 53774 | Elf:2    | Found a huge runed gate.
 53775 | Elf:2    | Found a huge runed gate.
 53776 | Elf:2    | Found a huge runed gate.
 53777 | Elf:2    | Found a huge runed gate.
 53778 | Elf:2    | Found a huge runed gate.
 54250 | Elf:2    | Found a frozen archway.
 54790 | Elf:2    | Gained Bogward as an ally
 55380 | Elf:1    | Reached skill level 5 in Short Blades
 55649 | Elf:1    | Gained Orkrul as an ally
 58832 | Lair:2   | Upgraded the game from 0.21-a0-434-g806c6c2 to 0.21-a0-437-ge5bf024
 59167 | Elf:3    | Entered Level 3 of the Elven Halls
 59561 | Elf:3    | Noticed Mara
 59567 | Elf:3    | Noticed forescape's illusion
 59593 | Elf:3    | Noticed forescape's illusion
 59594 | Elf:3    | Killed Mara
 60987 | Elf:3    | Noticed a Brimstone Fiend
 60996 | Elf:3    | Noticed a deep elf blademaster
 61010 | Elf:3    | Was placed under penance by Beogh
 61013 | Elf:3    | Noticed a deep elf blademaster
 61020 | Elf:3    | Killed a deep elf blademaster
 61020 | Elf:3    | Killed from afar by a Brimstone Fiend

Vault maps used:
D:1:      nicolae_arrival_memento_mori
D:2:      lemuel_round_altar, st_stairs_1, minmay_close_crescents
D:3:      cheibrodos_fertilizer, tgw_xom, serial_bayou, serial_bayou_lagoon_a,
          serial_bayou_shore_b, serial_bayou_shore_b, serial_bayou_pond_c,
          first_bread, kennysheep_potato, uniq_grinder, uniq_sigmund,
          uniq_natasha
D:4:      lemuel_round_altar, lemuel_temple_firewalk_b, serial_shops,
          shop_statue
D:5:      minmay_mini_ossuary
D:6:      basic_altar
D:7:      nicolae_benzene_ring, uniq_prince_ribbit1
D:8:      wad_woods_minihive, makhleb_grotto_becter, serial_shops,
          nicolae_shop_statue_plus, shop_coins, shop, nicolae_shop_crystal,
          kennysheep_mini_moat, basic_altar
D:9:      lemuel_castle_with_subvaults, lair_entry_dummy, serial_shops, shop,
          uniq_erica, uniq_grum, uniq_psyche
D:10:     uniq_sonja
D:11:     serial_shops, shop
D:12:     orc_0_dummy, basic_altar, nrook_guardian_serpent_double
D:13:     hangedman_little_slice_of_home
D:14:     david_vaults_4, hangedman_glass_teeth, serial_shops, shop, uniq_agnes,
          uniq_rupert
Lair:1:   serial_forest, infiniplex_forest_split, infiniplex_forest_3_way,
          infiniplex_forest_clump_double, infiniplex_forest_clump_medium,
          infiniplex_forest_lined_2
Lair:2:   minmay_shoals_entry_centaurs, nicolae_spider_entry_tight_spaces
Lair:4:   uniq_nessos
Lair:5:   slime_dummy, minmay_lair_oklob_chamber, grunt_megastairs_2,
          infiniplex_staircase_pool
Lair:6:   wormcave
Shoals:1: serial_shops, shop, uniq_josephine
Shoals:3: serial_shops, shop, uniq_jorgrun
Shoals:4: shoals_end_grunt_ice, shoal_ilsuiw, serial_shops, shop
Spider:1: spiders_nest_hornet_nest
Spider:2: nicolae_spider_hall_of_the_moth_king, guppyfry_spider_mini_3,
          nicolae_spider_cling_halls
Spider:3: spider_trap
Spider:4: grunt_spider_rune_circles, minivault_29
Orc:1:    bloody_makhleb
Orc:2:    pubby_orc_utopia
Elf:1:    minivault_28
Elf:2:    portal_ice_cave_entry_pillars_four
Elf:3:    minmay_elf_hall_not_hex, basic_altar, uniq_mara

Skill      XL: |  1  2  3  4  5  6  7  8  9 10 11 12 13 14 15 16 17 18 |
---------------+-------------------------------------------------------+-----
Axes           | 3 4 5 6 8 10 11 12 14 15 | 15.8
Fighting       | 4 5 6 7 8 9 10 11 12 13 14 | 14.0
Armour         | 4 5 6 8 9 10 11 12 13 14 | 14.9
Dodging        | 1 2 3 4 |  4.2
Stealth        | 1 2 3 4 5 |  5.2
Shields        | 4 5 7 9 10 11 12 14 15 16 | 16.4
Polearms       | 1 2 3 4 7 8 10 11 | 11.3
Invocations    | 4 6 8 10 | 10.8
Evocations     | 1 4 6 7 |  7.3
Long Blades    | 2 3 6 7 8 9 |  9.4
Throwing       | 1 4 5 |  5.3
Short Blades   | 3 7 |  7.3
Maces & Flails | 2 3 |  3.5
Slings         | |  0.5

Action                   |  1- 3 |  4- 6 |  7- 9 | 10-12 | 13-15 | 16-18 || total
-------------------------+-------+-------+-------+-------+-------+-------++-------
Melee: War axe           |   119 |   179 |   213 |   423 |   907 |   912 ||  2753
       Spear             |       |    39 |    56 |    18 |       |       ||   113
       Falchion          |       |       |    17 |     5 |       |       ||    22
       Hand axe          |       |       |   129 |   231 |    61 |       ||   421
       Trident           |       |       |       |    34 |   191 |   202 ||   427
       Mace              |       |       |       |    15 |       |       ||    15
       Morningstar       |       |       |       |     6 |       |       ||     6
       Scimitar          |       |       |       |     8 |    60 |    19 ||    87
       Demon trident     |       |       |       |       |       |   366 ||   366
       Whip              |       |       |       |       |       |   262 ||   262
       Rapier            |       |       |       |       |       |   153 ||   153
       Unarmed           |       |       |       |       |       |     3 ||     3
       Short sword       |       |       |       |       |       |    41 ||    41
       Battleaxe         |       |       |       |       |       |     6 ||     6
       Dire flail        |       |       |       |       |       |     3 ||     3
 Fire: Hunting sling     |       |     2 |       |       |       |       ||     2
       Blowgun           |       |       |       |     1 |       |       ||     1
Throw: Stone             |       |       |     6 |       |       |       ||     6
       Javelin           |       |       |     5 |       |    22 |     9 ||    36
       Tomahawk          |       |       |     8 |    13 |    22 |     6 ||    49
Invok: Convert to Beogh  |       |       |     1 |       |       |       ||     1
       Smiting           |       |       |       |     5 |     1 |     2 ||     8
       Recall Orcish Fol |       |       |       |     3 |     3 |    45 ||    51
       Give Item to Name |       |       |       |       |     3 |     5 ||     8
       Resurrection      |       |       |       |       |     2 |       ||     2
       Stop Recall       |       |       |       |       |       |     7 ||     7
 Abil: Evoke Flight      |       |       |       |       |       |     1 ||     1
Evoke: Wand              |       |       |       |     1 |     3 |     3 ||     7
       Lamp of fire      |       |       |       |       |     3 |     2 ||     5
       Fan of gales      |       |       |       |       |     1 |       ||     1
  Use: Scroll            |       |       |    21 |    14 |    23 |    31 ||    89
       Potion            |       |       |       |    11 |     8 |     6 ||    25
 Stab: Petrified         |       |     2 |     4 |       |       |       ||     6
       Petrifying        |       |       |     1 |       |       |       ||     1
       Paralysed         |       |       |       |    10 |       |       ||    10
       Distracted        |       |       |       |     2 |     6 |     9 ||    17
  Eat: Chunk             |     1 |     3 |     2 |     5 |     5 |     3 ||    19
       Royal jelly       |       |     2 |     1 |     3 |     1 |    13 ||    20
       Fruit             |       |       |     4 |     3 |     4 |     8 ||    19
       Bread ration      |       |       |     2 |     1 |       |    10 ||    13
       Meat ration       |       |       |       |     3 |     6 |     5 ||    14
Armor: Scale mail        |    75 |   101 |    29 |       |       |       ||   205
       Plate armour      |       |       |   198 |   363 |   853 |   690 ||  2104
Dodge: Dodged            |    57 |    52 |    84 |   155 |   338 |   336 ||  1022
Block: Shield            |    58 |    92 |   260 |   548 |  1207 |  1239 ||  3404
       Rpst.: Falchion   |       |       |       |     1 |       |       ||     1
       Scimitar          |       |       |       |       |     6 |       ||     6

Table legend:
 A = Spawn XP
 B = Non-spawn XP
 C = Spawn XP percentage of total XP
 D = Spawn monster count
 E = Non-spawn monster count
 F = Spawn count percentage of total count
 G = Total turns spent on level
                    A         B        C        D         E        F      G
               +---------+---------+-------+---------+---------+-------+---------
         Total |       0 |  311317 |   0.0 |       0 |    1253 |   0.0 | 61020
               +---------+---------+-------+---------+---------+-------+---------
           D:1 |       0 |      54 |   0.0 |       0 |      32 |   0.0 |   756
           D:2 |       0 |      67 |   0.0 |       0 |      30 |   0.0 |   670
           D:3 |       0 |     612 |   0.0 |       0 |      44 |   0.0 |  1935
           D:4 |       0 |     417 |   0.0 |       0 |      12 |   0.0 |   921
           D:5 |       0 |     400 |   0.0 |       0 |      17 |   0.0 |   721
           D:6 |       0 |     560 |   0.0 |       0 |      22 |   0.0 |  1105
           D:7 |       0 |    1511 |   0.0 |       0 |      38 |   0.0 |  2128
           D:8 |       0 |    5938 |   0.0 |       0 |      72 |   0.0 |  2089
           D:9 |       0 |    6492 |   0.0 |       0 |      58 |   0.0 |  2552
          D:10 |       0 |    4505 |   0.0 |       0 |      31 |   0.0 |  1184
          D:11 |       0 |    2064 |   0.0 |       0 |      37 |   0.0 |  1372
          D:12 |       0 |    6799 |   0.0 |       0 |      35 |   0.0 |  2179
          D:13 |       0 |    6198 |   0.0 |       0 |      30 |   0.0 |   890
          D:14 |       0 |    1307 |   0.0 |       0 |       9 |   0.0 |    53
        Lair:1 |       0 |    2073 |   0.0 |       0 |      14 |   0.0 |  2192
        Lair:2 |       0 |    8978 |   0.0 |       0 |      41 |   0.0 |  5322
        Lair:3 |       0 |    3916 |   0.0 |       0 |      19 |   0.0 |  1756
        Lair:4 |       0 |   12083 |   0.0 |       0 |      27 |   0.0 |  1106
        Lair:5 |       0 |    9919 |   0.0 |       0 |      31 |   0.0 |  1935
        Lair:6 |       0 |   18180 |   0.0 |       0 |      50 |   0.0 |  1909
      Shoals:1 |       0 |   18044 |   0.0 |       0 |      48 |   0.0 |  1976
      Shoals:2 |       0 |    9829 |   0.0 |       0 |      23 |   0.0 |  1583
      Shoals:3 |       0 |   10645 |   0.0 |       0 |      20 |   0.0 |  3385
      Shoals:4 |       0 |   28431 |   0.0 |       0 |      67 |   0.0 |  2396
      Spider:1 |       0 |    9935 |   0.0 |       0 |      39 |   0.0 |  1552
      Spider:2 |       0 |   21238 |   0.0 |       0 |      74 |   0.0 |  2919
      Spider:3 |       0 |   11138 |   0.0 |       0 |      45 |   0.0 |  2109
      Spider:4 |       0 |   26946 |   0.0 |       0 |     104 |   0.0 |  1648
         Orc:1 |       0 |     248 |   0.0 |       0 |       5 |   0.0 |   550
         Orc:2 |       0 |   10871 |   0.0 |       0 |      49 |   0.0 |  3792
         Elf:1 |       0 |   17213 |   0.0 |       0 |      36 |   0.0 |  2227
         Elf:2 |       0 |   26669 |   0.0 |       0 |      53 |   0.0 |  2255
         Elf:3 |       0 |   28037 |   0.0 |       0 |      41 |   0.0 |  1853
               +---------+---------+-------+---------+---------+-------+---------
